Map: New Gettysburg LE

Players

Nickos - Winner!

  • Race: Terran Terran
  • League: Gold

kingman

  • Race: Terran Terran
  • League: Gold

VOD

Have the link to the VOD?

Description

Time

  • Played on: Sept. 30, 2016, 9:29 p.m.
  • Length: 8:09
Show
View Real Time Build Order
Export as new Build Order

Nickos Terran - Winner!

Build Orders: Reaper Expand, MMM Bio 

Get SALT Encoding   

  12  0:01  SCV  
  13  0:13  SCV  
  14  0:20  Supply Depot  
  14  0:25  SCV  
  15  0:41  SCV  
  16  0:43  Barracks  
  16  0:48  Refinery  
  16  0:53  SCV  
  17  1:06  SCV  
  18  1:18  SCV  
  19  1:31  Reaper  
  20  1:34  Orbital Command  
  20  1:43  Command Center  
  20  1:53  Barracks  
  20  1:59  SCV  
  21  2:11  Supply Depot, SCV  
  22  2:18  Barracks Reactor  
  22  2:23  SCV  
  23  2:36  SCV  
  24  2:41  Barracks Tech Lab  
  24  2:45  Factory  
  24  2:46  Refinery  
  24  2:48  SCV  
  25  3:00  SCV  
  25  3:02  Marine  
  25  3:03  Marine x2  
  28  3:10  Orbital Command  
  28  3:15  SCV  
  28  3:16  Bunker  
  28  3:17  Stimpack  
  29  3:20  Marine  
  29  3:22  Marine x2  
  32  3:27  SCV  
  31  3:38  Marine  
  31  3:41  Starport, Marine  
  31  3:42  Marine  
  32  3:51  Factory Reactor  
  32  3:52  SCV x2  
  33  3:56  Marine  
  34  4:06  Supply Depot  
  34  4:08  Marine  
  35  4:13  Marine  
  35  4:14  SCV x2  
  38  4:26  Engineering Bay, SCV  
  38  4:30  Marine x2  
  41  4:31  SCV, Marine  
  41  4:36  Medivac x2  
  47  4:38  SCV  
  47  4:42  Supply Depot  
  47  4:43  SCV  
  49  4:47  Marine  
  49  4:48  Marine  
  49  4:51  SCV  
  52  4:53  Marine  
  52  4:55  Terran Infantry Weapons Level 1  
  52  4:57  Engineering Bay  
  52  4:58  SCV  
  54  5:05  Marine x2, SCV  
  57  5:14  Marine  
  58  5:23  Marine  
  59  5:30  Hellion  
  59  5:33  Marine  
  59  5:35  Supply Depot  
  62  5:40  Medivac, Hellion, Marine  
  62  5:41  Marine  
  68  5:51  Marine  
  69  5:57  Marine  
  69  5:59  Marine  
  70  6:08  Marine  
  70  6:09  Hellion x2  
  75  6:15  Marine  
  75  6:16  Marine  
  77  6:20  Starport Reactor  
  77  6:26  Marine  
  77  6:31  Hellion  
  80  6:35  SCV x2  
  82  6:40  Command Center  
  82  6:46  Combat Shields  
  82  6:47  SCV x2  
  82  6:52  Supply Depot  
  84  6:54  Factory  
  84  6:55  Factory x2  
  84  6:58  Factory  
  84  7:04  SCV x2  
  84  7:05  Armory  
  84  7:07  Marine  
  84  7:08  Marine x2  
  89  7:25  Marine  
  86  7:33  Marine  
  86  7:34  Marine  
  76  7:43  Marine  
  73  8:03  Factory Tech Lab x4  
Show
View Real Time Build Order
Export as new Build Order

kingman Terran 

Build Orders:  

Get SALT Encoding   

  12  0:01  SCV  
  13  0:13  SCV  
  14  0:19  Supply Depot  
  14  0:25  SCV  
  15  0:40  SCV  
  15  0:41  Barracks  
  16  0:46  Refinery  
  16  0:52  SCV  
  17  1:04  SCV  
  18  1:16  SCV  
  19  1:29  SCV  
  19  1:30  Supply Depot  
  21  1:32  Reaper  
  21  1:37  Refinery  
  21  1:41  Orbital Command  
  21  2:02  Command Center  
  21  2:13  Barracks Reactor  
  21  2:17  Reaper  
  21  2:19  SCV  
  23  2:29  Barracks  
  23  2:54  Barracks Reactor  
  23  3:05  SCV  
  24  3:17  Factory  
  24  3:18  Orbital Command  
  24  3:22  SCV  
  25  3:34  SCV  
  24  4:07  Factory Reactor, Orbital Command  
  24  4:09  Barracks Tech Lab  
  24  4:10  Marine x2  
  26  4:27  Marine  
  26  4:28  Engineering Bay, Marine  
  28  4:33  Engineering Bay  
  28  4:34  Supply Depot x2, SCV x2  
  30  4:45  Marine x2  
  30  4:46  SCV x2  
  34  5:00  Missile Turret  
  34  5:02  Terran Infantry Weapons Level 1  
  34  5:03  Terran Infantry Armor Level 1  
  34  5:04  Marine x2  
  34  5:05  Marine  
  37  5:11  SCV x2  
  39  5:19  Refinery  
  39  5:20  Refinery, Widow Mine, Missile Turret  
  39  5:21  Widow Mine  
  41  5:23  SCV  
  44  5:30  Starport  
  44  5:31  Barracks  
  44  5:34  Supply Depot, SCV  
  46  5:35  Supply Depot, SCV  
  46  5:36  Barracks, Supply Depot  
  46  5:39  Marine x2  
  48  5:56  Stimpack  
  48  6:27  Missile Turret  
  48  6:28  SCV x2  
  50  6:34  Marauder, Marine x2  
  50  6:37  Widow Mine  
  50  6:38  Widow Mine  
  50  6:39  Starport Reactor  
  58  6:40  SCV x2  
  58  6:41  Barracks Reactor x2  
  60  6:52  SCV  
  61  6:56  Marauder  
  61  6:57  Missile Turret  
  61  7:00  Starport, Marine x2  
  61  7:01  Supply Depot  
  65  7:02  Supply Depot  
  65  7:12  Missile Turret  
  65  7:17  Supply Depot, Marauder  
  67  7:33  Supply Depot  
  53  7:39  Marauder  
  42  7:51  Marine  
Tags
 
Composition
MMM Bio
League
GoldGold
Matchup
TvT
Race
Terran
Replay Pack
Nickos replay
Add a new tag
Caveats
  • Supply blocks, unpowered buildings, or Contaminate may cause inaccurate times.
  • Supply counts are checked every 10 seconds.